 Dungeon Crawl Stone Soup version 0.20.0-10-g0535bb4 (webtiles) character file.

6254 Larmestyx the Grappler (level 10, 0/80 (81) HPs)
             Began as a Troll Conjurer on June 4, 2017.
             Was a Believer of Cheibriados.
             Succumbed to a black mamba's poison
             ... on level 9 of the Dungeon.
             The game lasted 00:52:46 (7262 turns).

Larmestyx the Grappler (Troll Conjurer)             Turns: 7262, Time: 00:52:46

HP:   0/80 (81)     AC:  9    Str: 25    XL:     10   Next: 62%
MP:   0/12          EV: 10    Int: 19    God:    Cheibriados [**....]
Gold: 480           SH:  0    Dex: 15    Spells: 10/11 levels left

rFire    . . .     SeeInvis .     - Unarmed
rCold    . . .     Gourm    +   (no shield)
rNeg     . . .     Faith    .   K - +2 robe {MR+}
rPois    +         Spirit   +   (helmet restricted)
rElec    .         Reflect  .   u - +1 cloak {rPois}
rCorr    .         Harm     .   (gloves unavailable)
MR       ++...                  (boots unavailable)
Stlth    ++........             y - amulet of guardian spirit
Regen    0.7/turn               s - ring of protection from magic
MPRegen  0.2/turn               p - +2 ring of strength

@: lethally poisoned (0 -> -2), very slightly contaminated, very slow
A: unfitting armour, claws 3, fast metabolism 3, gourmand, regeneration 1,
shaggy fur 1, tough skin 2
a: Bend Time, Renounce Religion


You were on level 9 of the Dungeon.
You worshipped Cheibriados.
Cheibriados was pleased with you.
You were completely stuffed.

You visited 3 branches of the dungeon, and saw 11 of its levels.

You collected 480 gold pieces.

Inventory:

Armour
 a - a +0 robe
 u - a +1 cloak of poison resistance (worn)
 K - a +2 robe of magic resistance (worn)
Magical Staves
 G - an uncursed staff of energy {unknown}
Jewellery
 o - an uncursed ring of see invisible
 p - a +2 ring of strength (right claw)
 s - a ring of protection from magic (left claw)
 y - an amulet of guardian spirit (around neck)
 z - an uncursed amulet of magic regeneration
 O - a +2 ring of protection {unknown}
Wands
 x - a wand of polymorph (9/24)
 D - a wand of digging (5/24)
 J - a wand of digging (7/24)
Scrolls
 e - 7 scrolls of remove curse
 h - 4 scrolls of identify
 i - 4 scrolls of teleportation
 j - 2 scrolls of blinking
 n - 2 scrolls of enchant armour {unknown}
 r - 2 scrolls of amnesia {unknown}
 C - a scroll of random uselessness {unknown}
 M - a scroll of recharging {unknown}
 N - a scroll of enchant weapon {unknown}
Potions
 d - a potion of might {unknown}
 f - a potion of berserk rage {unknown}
 g - a potion of ambrosia {unknown}
 k - a potion of degeneration {unknown}
 l - 2 potions of mutation
 m - 7 potions of curing
 t - 2 potions of resistance {unknown}
 w - 2 potions of invisibility {unknown}
 B - a potion of agility {unknown}
 E - a potion of heal wounds {unknown}
 F - a potion of flight {unknown}
 H - a potion of haste {unknown}
 I - a potion of brilliance {unknown}
 L - 2 potions of lignification {unknown}
Books
 b - a book of Conjurations

   Spells                             Type                      Level
   a - Magic Dart                     Conjuration                  1
   b - Searing Ray                    Conjuration                  2
   c - Dazzling Spray                 Conjuration/Hexes            3
   d - Fulminant Prism                Conjuration/Hexes            4
   e - Force Lance                    Conjuration/Translocation    4
   f - Iskenderun's Mystic Blast      Conjuration                  4
Comestibles
 c - 6 bread rations
 q - 3 meat rations
 v - 12 royal jellies
 A - 5 fruits


   Skills:
 - Level 1.5 Dodging
 - Level 1.0 Stealth
 * Level 14.2 Unarmed Combat
 - Level 1.2 Spellcasting
 + Level 3.8 Conjurations
 * Level 4.5 Invocations


You had 10 spell levels left.
You knew the following spells:

 Your Spells              Type           Power        Failure   Level  Hunger
a - Magic Dart            Conj           ###.         3%          1    ##.....


Dungeon Overview and Level Annotations

Branches:
Dungeon (9/15)             Temple (1/1) D:7            Lair (1/6) D:9
    Orc (0/2) D:9

Altars:
Ashenzari
Cheibriados
Dithmenos
Elyvilon
Fedhas
Gozag
Hepliaklqana
Kikubaaqudgha
Makhleb
Nemelex Xobeh
Okawaru
Qazlal
Ru
Sif Muna
Trog
Uskayaw
Vehumet
Xom
Yredelemnul
Zin
The Shining One

Shops:
D:5 =%:   D:7 [%*

Annotations:
D:8 nikopol's ghost, novice GrFi


Innate Abilities, Weirdness & Mutations

You are too large for most types of armour.
You have claws for hands.
Your metabolism is lightning-fast.
You like to eat raw meat.
Your natural rate of healing is unusually fast.
You are covered in fur. (AC +1)
You have very tough skin. (AC +2)


Message History

The spiny frog stings you! The crocodile completely misses you.
The komodo dragon barely misses you. The bullfrog closely misses you.
The black mamba bites you!
* * * LOW HITPOINT WARNING * * *
The spiny frog stings you!!
* * * LOW HITPOINT WARNING * * *
You climb upwards.
Welcome back to the Dungeon!
* * * LOW HITPOINT WARNING * * *
You feel sick.
There is a staircase to the Lair, spattered with blood here.
You don't have enough magic at the moment.
Unknown command.
Blink to where?
Press: ? - help, Dir - move target cursor You are very lightly contaminated with residual magic.
As you read the scroll of blinking, it crumbles to dust.
* * * LOW HITPOINT WARNING * * *
You feel sick.
Something hits the plant but does no damage.
You die...

.....)...................#
.........................#
...####################..########
...# #.......... ...# #.......<..
#..####################.^########
#........................#
#......................(.#
#.........#####.@######..#
#.........# #..# #..########
#.........# ##..### #..........
#..(......####.....####..........
#.........##......PP.##..########
#.........#......PP.PP#..#
..............PPPS..PP#..#
...####......PPPPl.PPP#..########
#..# #..#.PPPPPPFt.PP#..........


You could see a komodo dragon and a black mamba.

Vanquished Creatures
  A two-headed ogre (D:6)
  The ghost of jeanjacques the Carver, a novice HaMo of Dithmenos (D:7)
  Psyche (D:9)
  A komodo dragon (D:9)
  Prince Ribbit (D:8)
  A hornet (D:8)
  3 hippogriffs
  A soldier ant (D:8)
  2 ice beasts
  2 orc warriors
  3 sky beasts
  A necrophage (D:7)
  A phantom (D:9)
  3 ogres
  A wolf (D:9)
  A big kobold (D:7)
  An elf zombie (D:7)
  3 bullfrogs
  A water moccasin skeleton (D:5)
  3 scorpions
  6 wights
  2 howler monkeys
  2 crimson imps
  2 centaur zombies
  3 human zombies (D:7)
  4 hounds
  4 orc priests
  An iguana (D:5)
  A jelly (D:8)
  8 orc wizards
  3 bullfrog skeletons
  2 centaur skeletons
  A gnoll shaman (D:7)
  2 human skeletons (D:7)
  6 worker ants
  A killer bee zombie (D:9)
  An ogre zombie (D:7)
  2 hound skeletons
  A mummy (D:7)
  4 gnolls (D:7)
  16 adders
  A shadow imp (D:8)
  An ooze (D:4)
  An adder zombie (D:5)
  An adder skeleton (D:5)
  5 worms
  2 dart slugs (D:1)
  4 leopard geckos
  36 orcs
  6 giant cockroaches
  6 hobgoblins
  6 jackals
  13 kobolds
  4 quokkas
  A ball python (D:2)
  A ball python skeleton (D:6)
  11 bats
  5 frilled lizards
  7 goblins
  An orc skeleton (D:7)
  A quokka skeleton (D:4)
  2 quokka zombies
  8 rats
227 creatures vanquished.

Vanquished Creatures (others)
  4 plants (D:9)
4 creatures vanquished.

Grand Total: 231 creatures vanquished

Notes
Turn   | Place    | Note
-------+----------+-------------------------------------------
     0 | D:1      | Larmestyx the Troll Conjurer began the quest for the Orb.
     0 | D:1      | Reached XP level 1. HP: 16/16 MP: 1/1
    29 | D:1      | Reached skill level 1 in Unarmed Combat
   110 | D:1      | Reached XP level 2. HP: 23/24 MP: 2/2
   252 | D:1      | Reached skill level 2 in Unarmed Combat
   682 | D:1      | Reached XP level 3. HP: 31/31 MP: 3/3
   771 | D:2      | Reached skill level 3 in Unarmed Combat
   798 | D:2      | Found a shadowy altar of Dithmenos.
   909 | D:2      | Found a deep blue altar of Sif Muna.
  1052 | D:2      | Reached XP level 4. HP: 33/39 MP: 4/4
  1293 | D:3      | Reached skill level 4 in Unarmed Combat
  1425 | D:3      | Reached XP level 5. HP: 45/45 MP: 5/5
  1564 | D:3      | You fall through a shaft for 3 floors!
  1567 | D:6      | Reached skill level 5 in Unarmed Combat
  1636 | D:6      | Reached skill level 6 in Unarmed Combat
  1636 | D:6      | Reached XP level 6. HP: 34/53 MP: 6/6
  1703 | D:5      | Entered Level 5 of the Dungeon
  1737 | D:4      | Found an opulent altar of Gozag.
  1797 | D:4      | Reached skill level 7 in Unarmed Combat
  1823 | D:4      | Reached XP level 7. HP: 45/59 MP: 7/7
  1946 | D:4      | Reached skill level 8 in Unarmed Combat
  2805 | D:5      | Reached skill level 9 in Unarmed Combat
  2815 | D:5      | Reached XP level 8. HP: 39/67 MP: 8/8
  2891 | D:5      | Found Mavuat's Jewellery Shop.
  2892 | D:5      | Found Inus's Food Boutique.
  2940 | D:5      | Found a deep blue altar of Sif Muna.
  2982 | D:5      | Found Rokkis's Book Boutique.
  3095 | D:5      | Reached skill level 10 in Unarmed Combat
  3521 | D:6      | Noticed a two-headed ogre
  3531 | D:6      | HP: 2/67 [two-headed ogre/giant spiked club (25)]
  3533 | D:6      | Killed a two-headed ogre
  3533 | D:6      | Reached skill level 11 in Unarmed Combat
  3533 | D:6      | Reached XP level 9. HP: 3/74 MP: 9/9
  3664 | D:6      | Reached skill level 12 in Unarmed Combat
  4283 | D:7      | Found Zubeburch's Antique Weapon Emporium.
  4410 | D:7      | Found Curghoyj's General Store.
  4471 | D:7      | Found Ossir's Food Shoppe.
  4570 | D:7      | Noticed jeanjacques's ghost (novice HaMo)
  4577 | D:7      | Found a staircase to the Ecumenical Temple.
  4586 | Temple   | Entered the Ecumenical Temple
  4620 | Temple   | Became a worshipper of Cheibriados the Contemplative
  4653 | D:7      | Killed jeanjacques's ghost
  4653 | D:7      | Reached skill level 13 in Unarmed Combat
  4952 | D:7      | Found an ancient bone altar of Kikubaaqudgha.
  4958 | D:7      | Reached skill level 1 in Invocations
  4995 | D:7      | Reached * piety under Cheibriados
  5010 | D:7      | Found Mumeh's Antique Armour Shoppe.
  5397 | D:7      | Reached XP level 10. HP: 63/80 MP: 8/10
  5607 | D:8      | Noticed Prince Ribbit
  5621 | D:8      | Killed Prince Ribbit
  5727 | D:8      | Noticed nikopol's ghost (novice GrFi)
  6413 | D:9      | Noticed Psyche
  6450 | D:9      | Killed Psyche
  6450 | D:9      | Reached skill level 14 in Unarmed Combat
  6531 | D:9      | Found a staircase to the Orcish Mines.
  6643 | D:9      | Reached ** piety under Cheibriados
  6660 | D:9      | Found a staircase to the Lair.
  6849 | D:9      | Found a bloodstained altar of Trog.
  7219 | Lair:1   | Entered Level 1 of the Lair of Beasts
  7219 | Lair:1   | Noticed a black mamba
  7219 | Lair:1   | Noticed a spiny frog
  7259 | Lair:1   | HP: 3/80 [spiny frog (20)]
  7261 | D:9      | HP: 1/80 [poisoned by a black mamba]
  7262 | D:9      | Succumbed to a black mamba's poison

Skill      XL: |  1  2  3  4  5  6  7  8  9 10 |
---------------+-------------------------------+-----
Unarmed Combat | 1 2 3 4 6 7 9 11 13 14 | 14.2
Conjurations   | 3 |  3.8
Invocations    | 1 4 |  4.5
Dodging        | |  1.5
Stealth        | |  1.0
Spellcasting   | |  1.2

Action                   |  1- 3 |  4- 6 |  7- 9 | 10-12 || total
-------------------------+-------+-------+-------+-------++-------
Melee: Unarmed           |   106 |   149 |   358 |   103 ||   716
       Punch             |       |     3 |    13 |     5 ||    21
 Cast: Magic Dart        |       |       |       |     1 ||     1
  Use: Scroll            |       |       |     4 |     5 ||     9
 Stab: Sleeping          |     1 |     4 |     7 |     1 ||    13
  Eat: Chunk             |    15 |     7 |    31 |    11 ||    64
Armor: Robe              |    34 |    42 |    79 |    21 ||   176
Dodge: Dodged            |    46 |    63 |   116 |    46 ||   271
